Map: Abyssal Reef LE

Players

Ziggy

  • Race: Terran Terran
  • Spawn Location: 11:00

Semper - Winner!

  • Race: Terran Terran
  • Spawn Location: 5:00

Event: WCS Jonkoping 2017

VOD

Have the link to the VOD?

Description

Time

  • Played on: June 17, 2017, 1:54 p.m.
  • Length: 16:27

All games in this series

Show
View Real Time Build Order
Export as new Build Order

Ziggy Terran 

Build Orders: 1/1/1, Cyclone Opening, MMM Bio 

Get SALT Encoding   

  12  0:00  SCV  
  13  0:13  SCV  
  14  0:17  Supply Depot  
  14  0:25  SCV  
  15  0:28  Refinery  
  15  0:38  SCV  
  16  0:45  Barracks  
  16  0:50  SCV  
  17  0:57  Refinery  
  17  1:02  SCV  
  18  1:15  SCV  
  19  1:32  Orbital Command, Reaper  
  20  1:40  Factory  
  20  1:49  Supply Depot  
  20  1:58  SCV  
  21  2:05  Reaper  
  22  2:10  SCV  
  23  2:24  Starport  
  23  2:26  Cyclone  
  23  2:27  SCV  
  27  2:38  Barracks Reactor  
  27  2:39  SCV  
  27  2:40  Supply Depot  
  28  2:54  SCV  
  29  3:01  Factory Tech Lab  
  29  3:02  Starport Tech Lab  
  29  3:10  Command Center  
  29  3:20  Raven  
  31  3:33  Supply Depot  
  30  3:44  Hellion x2  
  33  4:03  SCV, Raven, Supply Depot  
  33  4:06  Hellion x2  
  40  4:10  Marine  
  40  4:11  Stimpack  
  40  4:15  Barracks  
  40  4:16  SCV  
  42  4:28  SCV  
  43  4:32  Orbital Command  
  43  4:41  SCV  
  43  4:43  Marine  
  43  4:44  Barracks  
  45  4:56  Siege Tank  
  48  5:00  Orbital Command  
  48  5:01  Marine  
  48  5:03  SCV  
  48  5:04  Barracks Reactor  
  50  5:19  Viking  
  52  5:24  SCV  
  52  5:27  SCV  
  54  5:37  Viking  
  54  5:41  SCV x2  
  54  5:50  Barracks Reactor  
  54  5:51  Marine  
  54  5:53  SCV x2  
  57  5:59  Viking  
  57  6:04  Siege Tank  
  62  6:05  SCV x2  
  64  6:15  Viking  
  64  6:17  SCV, Supply Depot  
  64  6:18  SCV, Refinery  
  68  6:30  SCV  
  69  6:33  Marine  
  69  6:36  Command Center  
  69  6:38  Marine x4  
  74  6:46  SCV x2  
  72  6:59  Marine x5  
  77  7:03  Supply Depot  
  77  7:04  Engineering Bay, Refinery  
  77  7:05  Engineering Bay  
  77  7:07  SCV  
  78  7:11  Combat Shields  
  78  7:24  Marine x4, SCV  
  78  7:25  SCV  
  83  7:31  Marine  
  83  7:37  SCV x2  
  86  7:41  Supply Depot  
  86  7:47  Marine x2, Medivac  
  86  7:48  Terran Infantry Weapons Level 1  
  86  7:49  SCV x2  
  92  7:53  Terran Infantry Armor Level 1  
  92  7:54  Marine x2  
  94  7:58  Marine  
  94  8:01  SCV x2  
  94  8:05  Marine  
  96  8:06  Marine  
  97  8:13  Siege Tank, SCV x2  
  97  8:16  Supply Depot  
  97  8:19  Medivac  
  103  8:22  Marine x3  
  105  8:28  SCV  
  105  8:29  SCV  
  105  8:31  Marine x2  
  109  8:36  Supply Depot  
  109  8:39  Medivac  
  109  8:40  Marine  
  112  8:42  SCV x2  
  112  8:44  Orbital Command  
  114  8:49  Medivac  
  114  8:53  Sensor Tower  
  114  8:54  SCV x2  
  118  8:58  Siege Tank, Marine x3  
  118  8:59  Marine  
  125  9:07  Armory  
  122  9:11  Marine  
  122  9:16  Marine x3  
  126  9:18  Marine, Sensor Tower  
  126  9:23  Supply Depot  
  127  9:25  SCV x2, Sensor Tower  
  127  9:29  Marine  
  130  9:34  Marine  
  130  9:35  Supply Depot x2  
  131  9:40  Barracks  
  131  9:43  SCV x2, Barracks x2, Supply Depot  
  131  9:44  Marine  
  134  9:54  Marine x4  
  134  9:57  SCV x3  
  134  9:59  Supply Depot  
  141  10:00  Terran Infantry Weapons Level 2  
  141  10:02  Marine, Supply Depot  
  141  10:05  Terran Infantry Armor Level 2  
  142  10:09  Liberator, SCV x2  
  142  10:13  Liberator  
  142  10:18  SCV  
  142  10:20  Marine x4  
  142  10:21  SCV x2  
  152  10:30  Command Center  
  155  10:35  Barracks Reactor x2  
  155  10:40  Marine  
  155  10:41  Marine x3  
  155  10:42  Barracks Reactor  
  159  10:47  SCV x2  
  161  10:53  Siege Tank, Marine  
  165  10:58  Marine x2  
  165  10:59  Marine x2  
  165  11:00  Factory  
  169  11:09  Refinery  
  169  11:10  Refinery  
  169  11:11  Marine  
  169  11:16  Marine x3, Sensor Tower  
  173  11:25  Siege Tank  
  170  11:35  Marine x2, Medivac x2  
  170  11:36  Marine x7  
  181  11:41  Marine x2  
  181  11:42  Planetary Fortress  
  183  11:49  Factory Tech Lab  
  183  11:53  Marine x4  
  187  11:57  Siege Tank  
  182  12:02  Marine x2  
  182  12:05  Marine x2  
  166  12:08  Marine  
  166  12:09  Marine x2  
  166  12:11  Marine x4, Medivac x2  
  177  12:19  Marine  
  177  12:20  Marine  
  172  12:23  Marine x2  
  172  12:26  Marine  
  165  12:30  Marine x2  
  165  12:35  Marine  
  165  12:36  Marine x3  
  168  12:37  Marine x2  
  168  12:41  Marine  
  168  12:42  Marine  
  168  12:43  Siege Tank x2  
  168  12:44  Marine, Medivac x2  
  170  12:48  Marine x2  
  173  12:53  Marine x3  
  173  12:54  Marine  
  173  12:55  Marine  
  173  12:56  Marine  
  166  12:59  Marine  
  166  13:00  Marine  
  166  13:02  Marine  
  161  13:06  Marine x2  
  161  13:11  Marine x4  
  164  13:13  Marine  
  164  13:14  Marine, Medivac x2  
  164  13:15  Siege Tank  
  164  13:16  Marine  
  164  13:17  Siege Tank, Marine  
  178  13:20  Marine  
  178  13:24  Marine x2  
  175  13:29  Marine, Terran Infantry Weapons Level 3  
  175  13:30  Terran Infantry Armor Level 3  
  175  13:33  Marine x2  
  178  13:36  Marine x3  
  181  13:47  Siege Tank, Marine x3  
  187  13:54  Marine x2  
  187  13:55  Siege Tank  
  185  14:03  Marine x2  
  178  14:15  Marine x3  
  178  14:16  Marine x6, Orbital Command  
  131  14:19  Siege Tank  
  131  14:21  Marine x2  
  117  14:25  Viking x2  
  117  14:28  Siege Tank  
  124  14:33  Marine x4  
  124  14:34  Marine x5  
  123  14:39  Marine x2  
  112  14:51  Siege Tank, Marine x6  
  112  14:52  Marine x3  
  124  14:56  Marine x2  
  119  15:00  Siege Tank  
  122  15:09  Marine x8  
  122  15:10  Marine  
  131  15:14  Marine x2  
  133  15:27  Marine x6  
  133  15:28  Siege Tank  
  136  15:29  Marine x3  
  136  15:34  Marine x2  
  129  15:38  Siege Tank  
  117  15:44  Marine x2  
  117  15:45  Marine x4  
  117  15:47  Marine x3  
  110  15:55  Marine x2  
  107  16:02  Marine x3  
Show
View Real Time Build Order
Export as new Build Order

Semper Terran - Winner!

Build Orders: 1/1/1, Cyclone Opening, Bio Tank 

Get SALT Encoding   

  12  0:00  SCV  
  13  0:12  SCV  
  14  0:17  Supply Depot  
  14  0:24  SCV  
  14  0:28  Refinery  
  15  0:39  SCV  
  16  0:45  Barracks  
  16  0:51  SCV  
  16  0:56  Refinery  
  17  1:03  SCV  
  18  1:15  SCV  
  19  1:31  Orbital Command  
  19  1:32  Reaper  
  20  1:37  Factory  
  20  1:49  Supply Depot  
  20  1:57  SCV  
  21  2:04  Reaper  
  22  2:09  SCV  
  23  2:21  Hellion, SCV  
  26  2:23  Starport  
  26  2:29  Supply Depot  
  26  2:33  SCV  
  26  2:40  Barracks Tech Lab  
  26  2:45  SCV  
  26  2:46  Cyclone  
  30  2:57  SCV  
  31  3:08  Raven, Supply Depot  
  31  3:09  SCV  
  31  3:10  Barracks Reactor  
  34  3:29  SCV  
  34  3:44  SCV  
  34  3:47  Marine  
  34  3:48  Marine, Factory Tech Lab  
  37  3:50  Command Center  
  37  3:53  Raven  
  39  3:56  SCV  
  40  4:04  Supply Depot  
  40  4:08  Marine x2, SCV  
  43  4:17  Siege Tank  
  43  4:20  SCV  
  47  4:27  Supply Depot  
  46  4:33  SCV  
  48  4:45  SCV  
  47  4:47  Barracks x2  
  47  4:51  Siege Tank  
  48  4:57  SCV  
  47  5:06  Marine  
  48  5:09  SCV  
  48  5:10  Orbital Command  
  48  5:21  SCV  
  48  5:22  Stimpack  
  49  5:33  Siege Tank, SCV, Starport Reactor  
  53  5:37  SCV  
  54  5:45  SCV  
  54  5:46  Barracks Reactor  
  54  5:49  SCV, Engineering Bay  
  56  5:56  Marine, Refinery  
  57  5:58  SCV  
  57  6:02  SCV  
  57  6:03  Marine x2  
  61  6:10  SCV  
  62  6:14  SCV  
  62  6:15  Siege Tank  
  66  6:19  Supply Depot  
  66  6:22  SCV, Marine  
  66  6:26  SCV  
  66  6:27  Viking  
  66  6:29  Marine  
  66  6:31  Viking  
  72  6:34  SCV  
  72  6:38  SCV  
  72  6:39  Refinery  
  74  6:42  Terran Infantry Weapons Level 1  
  74  6:46  SCV  
  75  6:50  SCV  
  75  6:52  Marauder  
  78  6:58  SCV  
  78  7:00  Viking  
  78  7:02  SCV  
  78  7:03  Marine x4  
  83  7:08  Siege Tank  
  83  7:12  Supply Depot  
  86  7:29  Supply Depot  
  86  7:34  Marine x4, SCV x2, Viking x2  
  94  7:38  Supply Depot  
  94  7:51  Marine x3, SCV  
  96  7:52  Command Center  
  96  7:55  Marine  
  96  7:56  SCV  
  99  8:01  Sensor Tower  
  99  8:03  SCV  
  99  8:05  Siege Tank  
  102  8:12  SCV  
  103  8:20  Marine x2  
  104  8:27  Marine, Medivac x2  
  104  8:28  Marine, Combat Shields  
  104  8:31  Supply Depot  
  104  8:33  Marine  
  111  8:34  Supply Depot  
  111  8:35  SCV  
  111  8:39  SCV  
  113  8:41  Marine x2  
  113  8:43  Siege Tank  
  118  8:52  Marine  
  118  8:53  SCV  
  119  8:56  SCV, Marine  
  121  9:05  Orbital Command, SCV  
  121  9:06  Sensor Tower  
  121  9:09  Marine  
  122  9:12  SCV, Medivac x2  
  127  9:17  SCV  
  127  9:18  Marine  
  127  9:23  Terran Infantry Armor Level 1, Marine x2  
  127  9:24  SCV  
  129  9:27  Barracks  
  129  9:30  SCV  
  129  9:32  Barracks  
  129  9:34  SCV  
  129  9:40  Marine  
  129  9:42  Refinery  
  129  9:43  Missile Turret  
  129  9:44  Refinery  
  130  9:45  Supply Depot  
  130  9:46  Marine  
  130  9:51  Siege Tank  
  134  9:56  Marine x3  
  137  10:02  SCV  
  137  10:03  Armory  
  137  10:04  SCV  
  137  10:05  Liberator x2, SCV, Engineering Bay  
  140  10:13  Marine  
  141  10:14  SCV  
  141  10:20  Marine  
  143  10:23  Siege Tank  
  152  10:30  Marine x2  
  152  10:31  Marine  
  152  10:32  Marine  
  152  10:33  Barracks Reactor x2  
  156  10:37  Supply Depot  
  156  10:41  Marine  
  157  10:55  Siege Tank  
  160  10:57  Supply Depot  
  160  10:58  Command Center  
  160  11:01  Marine x5  
  165  11:06  Missile Turret x2  
  165  11:10  Terran Infantry Weapons Level 2  
  165  11:12  Missile Turret  
  165  11:13  Missile Turret  
  165  11:16  Factory  
  164  11:18  Marine  
  164  11:19  Marine  
  164  11:24  Marine  
  160  11:27  Marine  
  160  11:28  Marine x5  
  160  11:29  Siege Tank  
  169  11:36  Marine  
  169  11:37  Marine  
  171  11:42  Marine, Medivac x2  
  171  11:44  Supply Depot  
  171  11:45  Marine x4  
  171  11:46  Supply Depot  
  180  11:50  Marine  
  181  12:00  Marine x2  
  181  12:01  Marine  
  181  12:03  Marine x2  
  181  12:04  Siege Tank  
  181  12:08  Marine  
  178  12:11  Marine x3  
  181  12:18  Marine  
  182  12:27  Marine  
  182  12:28  Liberator  
  182  12:29  Liberator  
  181  12:30  Marine  
  181  12:35  Marine x7  
  181  12:36  Siege Tank, Terran Infantry Armor Level 2  
  191  12:45  Marine  
  191  12:50  Marine  
  199  12:52  Marine  
  185  13:02  Marine  
  185  13:03  Marine x2  
  188  13:07  Marine x2  
  188  13:08  Siege Tank  
  188  13:09  Command Center  
  191  13:21  Marine  
  192  13:32  Marine x3  
  192  13:33  Marine x2  
  197  13:34  Factory Tech Lab  
  197  13:45  Marine, Supply Depot  
  197  14:06  Marine x3  
  200  14:11  Medivac  
  200  14:13  Marine x4  
  200  14:14  Medivac  
  200  14:16  Siege Tank  
  189  14:22  Marine  
  187  14:24  Liberator  
  187  14:27  Liberator  
  175  14:39  Marine  
  175  14:45  Siege Tank  
  176  14:46  Marine x2  
  176  14:47  Marine  
  179  14:55  Marine  
  179  14:57  Siege Tank, Marine x5  
  185  15:08  Marine  
  185  15:09  Marine  
  185  15:12  Planetary Fortress  
  186  15:15  Barracks, Sensor Tower  
  186  15:16  Barracks  
  186  15:17  Siege Tank, Marine  
  188  15:24  Medivac  
  188  15:26  Medivac  
  188  15:28  Marine x3  
  195  15:37  Marine  
  195  15:42  Siege Tank  
  195  15:43  Marine  
  195  15:46  Marine  
  175  15:56  Marine  
  172  16:00  Marine  
  172  16:01  Marine x6  
  172  16:04  Marine  
Tags
 
Add a new tag
Caveats
  • Supply blocks, unpowered buildings, or Contaminate may cause inaccurate times.
  • Supply counts are checked every 10 seconds.